 Dungeon Crawl Stone Soup version 0.31-a0-889-g1a8549509d (webtiles) character file.

Game seed: 9115069524369366011

102 lunkers the Ruffian (level 5, -6/40 HPs)
             Began as a Meteoran Shapeshifter on Oct 16, 2023.
             Killed by divine providence
             ... invoked by an orc priest
              (14 damage)
             ... on level 3 of the Dungeon.
             The game lasted 00:01:55 (1002 turns).

lunkers the Ruffian (Meteoran Shapeshifter)         Turns: 1002, Time: 00:01:56

Health: -6/40      AC:  5    Str: 16    XL:     5   Next: 27%
Magic:  6/6        EV: 11    Int: 11    God:
Gold:   111        SH:  0    Dex: 15    Spells: 4/4 levels left

rFire   . .          .
                       - Unarmed
rCold   . . .        (no shield)
rNeg    . . .        j - +0 ring mail
rPois   .            (helmet currently unavailable)
rElec   .            (cloak currently unavailable)
rCorr   .            (gloves currently unavailable)
SInv    .            (boots currently unavailable)
Will    .....        (no amulet)
Stlth   +            (no ring)
HPRegen 0.26/turn    (no ring)
MPRegen 0.10/turn

%: no passive effects
@: beast-form, glowing
A: beast (slay +2), sense surroundings 1, otherworldly, glowing, explore regen
a: Begin Untransformation


You were on level 3 of the Dungeon.
You were a hulking beast.
You visited 1 branch of the dungeon, and saw 3 of its levels.

You collected 111 gold pieces.

Inventory:

Armour
 a - a +0 animal skin
 j - a +0 ring mail (worn)
Talismans
 c - a beast talisman (active)
 d - a flux talisman
Scrolls
 e - a scroll of silence {unknown}
 h - a scroll of identify {unknown}
 k - a scroll of enchant armour {unknown}
Potions
 b - 2 potions of lignification
 f - a potion of might {unknown}
 g - a potion of curing {unknown}
 i - a potion of haste {unknown}


   Skills:
 - Level 1.1 Fighting
 - Level 2.1 Dodging
 * Level 5.6 Unarmed Combat
 + Level 4.5 Shapeshifting


You had 4 spell levels left.
You didn't know any spells.
Your spell library contained the following spells:

 Spells                   Type           Power      Damage    Failure   Level
 Dazzling Flash           Conj/Hex       0%         N/A       90%         3
 Volatile Blastmotes      Fire/Tloc      0%         2d10      90%         3
 Starburst                Conj/Fire      0%         6d3       100%        6
 Maxwell's Capacitive Co  Air            0%         ∞         100%        8


Dungeon Overview and Level Annotations

Branches:
Dungeon (3/15) Zot: 802

Altars:


Innate Abilities, Weirdness & Mutations

You are a hulking beast.
Your limbs bulge with bestial killing power. (Slay +2)
You passively map a small area around you.
You are easily found by Zot.
You glow in the dark.
You regain HP and MP as you explore.


Message History

The orc priest draws strength from your wounds!
You barely miss the orc priest.
The orc priest is heavily wounded.
The orc priest calls down the wrath of Beogh upon you.
Beogh smites you!
You barely miss the orc priest. You punch the orc priest.
The orc priest is almost dead.
The orc priest hits you with a +0 vampiric hand axe.
* * * LOW HITPOINT WARNING * * *
You barely miss the orc priest.
The orc priest is almost dead.
The orc priest misses you.
Unknown command.
You hit the orc priest but do no damage.
You punch the orc priest.
You kill the orc priest!
You have reached level 5!
You closely miss the orc. You barely miss the orc. The orc closely misses you.
You closely miss the orc. You punch the orc.
The orc is heavily wounded.
An orc priest comes into view. It is wielding a +0 club.
The orc hits you with a +0 mace.
* * * LOW HITPOINT WARNING * * *
The orc priest shouts!
You punch the orc!
You kill the orc!
You closely miss the orc. The orc barely misses you.
You hit the orc.
You kill the orc!
The orc priest mumbles some strange prayers to Beogh against you.
Beogh smites you!
* * * LOW HITPOINT WARNING * * *
The orc priest mumbles some strange prayers to Beogh against you.
You struggle to resist.
There is a stone staircase leading down, spattered with blood here.
Items here: )))) [[ ††.
The orc priest calls down the wrath of Beogh upon you.
Beogh smites you!
You die...

* * ##### , * *,
* * ##...## ,
..##.#####.....#
, ,
......oh>......#
.....#####.....#
.## * ##...## *
###.## #....# *
###....### ,
#........#
#.##.###.# ,
#.#.. #.#


You could see an orc priest.

Vanquished Creatures
  An orc priest (D:3)
  3 adders
  2 worms
  2 dart slugs
  3 orcs (D:3)
  5 endoplasms
  4 goblins
  2 hobgoblins
  2 kobolds
  A quokka (D:2)
  3 ball pythons
  4 bats
  A frilled lizard (D:2)
  A rat (D:3)
34 creatures vanquished.

Notes
Turn   | Place    | Note
-------+----------+-------------------------------------------
     0 | D:1      | lunkers the Meteoran Shapeshifter began the quest for the
                  | Orb.
     0 | D:1      | Reached XP level 1. HP: 16/16 MP: 2/2
    46 | D:1      | Reached skill level 4 in Unarmed Combat
    46 | D:1      | Reached XP level 2. HP: 23/23 MP: 3/3
   234 | D:2      | Reached XP level 3. HP: 23/28 MP: 4/4
   428 | D:2      | Reached XP level 4. HP: 28/35 MP: 5/5
   475 | D:2      | Reached skill level 5 in Unarmed Combat
   995 | D:3      | Reached XP level 5. HP: 23/40 MP: 6/6
  1002 | D:3      | Killed from afar by an orc priest

Illustrated notes

Levels and vault maps discovered:
D:1:      reono_arrival_forest_river, layout_basic
D:2:      layout_basic, kennysheep_generic_room_12
D:3:      layout_loops_corners

Skill      XL: |  1  2  3  4 |
---------------+-------------+-----
Unarmed Combat | 4 5 |  5.6
Shapeshifting  | 4 |  4.5
Fighting       | |  1.1
Dodging        | |  2.1

Action                     |  1- 3 |  4- 6 || total
---------------------------+-------+-------++-------
  Melee: Unarmed           |    47 |    40 ||    87
         Punch             |     2 |     3 ||     5
 Armour: Animal skin       |    19 |     1 ||    20
         Ring mail         |       |    12 ||    12
  Dodge: Dodged            |    21 |    13 ||    34

Table legend: (Time is in decaauts)
 A = Elapsed time spent in this place.
 B = Non-inter-level travel time spent in this place.
 C = Inter-level travel time spent in this place.
 D = Time resting spent in this place.
 E = Time spent auto-exploring this place.
 F = Levels seen in this place.
 G = Mean time per level.
                   A        B        C        D        E       F      G
               +--------+--------+--------+--------+--------+-----+--------+
         Total |    996 |    989 |      7 |      0 |    723 |   3 |  332.0 |
       Dungeon |    996 |    989 |      7 |      0 |    723 |   3 |  332.0 |
               +--------+--------+--------+--------+--------+-----+--------+

Top non-repeatable levels by time:
     D:2: 436 daAuts
     D:3: 397 daAuts
     D:1: 162 daAuts
